 Dungeon Crawl Stone Soup version 0.18.1-8-gdd0e5ea (webtiles) character file.

145945 mopl the Zephyrmancer (level 16, -4/127 HPs)
             Began as a Demonspawn Air Elementalist on May 23, 2016.
             Was the Champion of Okawaru.
             Slain by a spriggan rider
             ... wielding a +0 spear
              (9 damage)
             ... on level 2 of the Swamp on June 1, 2016.
             The game lasted 01:49:29 (31978 turns).

mopl the Zephyrmancer (DsAE)                       Turns: 31978, Time: 01:49:30

Health: -4/127     AC: 16    Str: 10    XL:     16   Next: 88%
Magic:  19/28      EV: 20    Int: 35    God:    Okawaru [******]
Gold:   2399       SH:  3    Dex: 17    Spells: 7 memorised, 12 levels left

rFire  + . .     SeeInvis .     b - staff of air
rCold  . . .     Gourm    .     e - +2 robe {rF+}
rNeg   . . .     Faith    .     (no shield)
rPois  +         Spirit   .     H - +0 helmet
rElec  +         Dismiss  .     j - +1 cloak
rCorr  .         Reflect  .     k - +2 pair of gloves {Dex+3}
SustAt .         Harm     .     x - +2 pair of boots
MR     +....                    i - amulet of regeneration
Stlth  +++.......               D - +6 ring of intelligence
                                W - ring of Compulsion {rPois Int+7, =R}

@: about to teleport, repel missiles, somewhat resistant to hostile
enchantments, fairly stealthy
A: claws 1, large bone plates 2, foul stench 2, nightstalker 2, regeneration 1,
rot immunity
a: Heroism, Finesse, Renounce Religion


You were on level 2 of the Swamp.
You worshipped Okawaru.
Okawaru was exalted by your worship.
You were hungry.

You visited 5 branches of the dungeon, and saw 28 of its levels.
You also visited: Ossuary and Bailey.

You collected 3017 gold pieces.
You spent 618 gold pieces at shops.

Inventory:

Hand Weapons
 a - a +8 lajatang of speed
 T - a +3 blowgun
Missiles
 n - 19 tomahawks (quivered)
 N - 4 throwing nets
 P - 11 curare-tipped needles
Armour
 e - a +2 robe of fire resistance (worn)
 j - a +1 cloak (worn)
 k - a +2 pair of gloves of dexterity (worn)
 x - a +2 pair of boots (worn)
 H - a +0 helmet (worn)
 S - a +2 robe of cold resistance
Magical Staves
 b - an uncursed staff of air (weapon)
Jewellery
 f - an uncursed ring of protection from magic
 i - an amulet of regeneration (around neck)
 q - the amulet "Liocibuo" {Inacc rC+ Int+2 SInv}
   (You found it on level 1 of the Orcish Mines)

   [amulet of inaccuracy]

   It reduces the accuracy of all your attacks.
   It affects your intelligence (+2).
   It protects you from cold.
   It lets you see invisible.
 v - an uncursed ring of see invisible
 D - a +6 ring of intelligence (right hand)
 W - the ring of Compulsion (left hand) {rPois Int+7, =R}
   (You found it on level 8 of the Lair of Beasts)

   [ring of poison resistance]

   It affects your intelligence (+7).
   It protects you from poison.
 Y - an uncursed ring of protection from cold
Wands
 h - a wand of paralysis (0/24)
 r - a wand of teleportation (4/9)
 s - a wand of polymorph (20/24)
 z - a wand of acid (4/15)
 C - a wand of lightning (0/15)
 F - a wand of paralysis (9/24)
 I - a wand of iceblast (6/15)
 J - a wand of lightning (9/15)
 R - a wand of iceblast (9/15)
Scrolls
 g - 9 scrolls of teleportation
 l - 3 scrolls of magic mapping
 m - 6 scrolls of remove curse
 t - 4 scrolls of identify
 u - 3 scrolls of blinking
 w - 5 scrolls of summoning
 M - 4 scrolls of fog
 V - a scroll of fear
 X - a scroll of enchant armour
 Z - a scroll of amnesia
Potions
 d - 2 potions of cancellation
 o - a potion of berserk rage {!q}
 p - 4 potions of flight
 y - a potion of resistance {!r}
 A - 5 potions of brilliance
 B - 12 potions of curing
 E - 6 potions of heal wounds
 K - 2 potions of invisibility
 L - a potion of magic
 O - 2 potions of agility
 Q - a potion of might
Miscellaneous
 U - a fan of gales
Comestibles
 c - 10 bread rations
 G - a beef jerky


   Skills:
 + Level 11.7 Fighting
 - Level 14.0 Staves
 + Level 10.8 Dodging
 - Level 1.7 Stealth
 - Level 8.0 Spellcasting
 - Level 10.0 Conjurations
 + Level 1.7 Charms
 + Level 1.5 Translocations
 + Level 14.2 Air Magic
 - Level 8.0 Invocations


You had 12 spell levels left.
You knew the following spells:

 Your Spells              Type           Power        Failure   Level  Hunger
a - Apportation           Tloc           ###.......   1%          1    None
b - Static Discharge      Conj/Air       #######.     1%          3    None
c - Lightning Bolt        Conj/Air       #######...   1%          5    ###....
d - Iskenderun's Mystic   Conj           ######..     1%          4    None
e - Blink                 Tloc           N/A          2%          2    None
i - Repel Missiles        Chrm/Air       ######       1%          2    None
n - Swiftness             Chrm/Air       #######.     1%          2    None


Dungeon Overview and Level Annotations

Branches:
Dungeon (15/15)            Temple (1/1) D:6            Lair (8/8) D:10
  Swamp (2/4) Lair:3       Spider (0/4) Lair:5        Slime (0/6) Lair:8
    Orc (2/2) D:9             Elf (0/3) Orc:2        Vaults (0/5) D:13
 Depths (0/5) D:15

Altars:
Ashenzari
Cheibriados
Dithmenos
Elyvilon
Fedhas
Gozag
Kikubaaqudgha
Makhleb
Nemelex Xobeh
Okawaru
Pakellas
Qazlal
Ru
Sif Muna
Trog
Vehumet
Xom
Yredelemnul
Zin
The Shining One

Shops:
D:4 (   D:5 %   D:7 %=   D:10 *   D:15 (   Orc:2 =}?:

Portals:
Trove: D:15 (give 4 potions of resistance)

Annotations:
D:11 hides
D:13 dig
D:14 fly


Innate Abilities, Weirdness & Mutations

You have sharp fingernails.
You are mostly covered in large bone plates (AC +3, SH +3).
You frequently emit foul miasma when damaged in melee.
You are significantly more attuned to the shadows.
You are immune to rotting.
Your natural rate of healing is unusually fast.


Message History

The spriggan rider barely misses you.
The spriggan rider hits you but does no damage.
The spriggan rider hits you from afar with a spear!
* * * LOW HITPOINT WARNING * * *
The spriggan berserker invokes Trog's protection!
A spriggan berserker comes into view. It is wielding a war axe.
Trunks creak and shift.
You are waved at by a branch.
The spriggan rider hits you from afar with a spear!
* * * LOW HITPOINT WARNING * * *
The spriggan rider misses you.
You enter the shallow water.
Moving in this stuff is going to be slow.
You are hit by a branch!
* * * LOW HITPOINT WARNING * * *
The spriggan rider barely misses you.
The spriggan druid hits you with a quarterstaff.
* * * LOW HITPOINT WARNING * * *
The spriggan rider hits you from afar with a spear!
You die...

♣♣♣ ♣♣≈≈♣♣♣♣ ≈≈≈≈≈≈≈♣♣♣
≈...≈i≈≈≈♣♣♣
....iii@≈≈≈♣♣♣ ♣♣♣♣
....ii♣♣.≈≈≈≈♣♣♣♣♣♣♣♣≈≈≈
.....♣♣♣♣♣≈≈≈≈≈≈≈≈♣♣≈≈≈≈
..### ♣♣♣≈≈≈≈≈≈≈≈≈≈.. #
♣♣♣♣♣♣.≈≈≈.♣♣ ♣♣♣♣♣♣♣♣♣♣
♣♣≈.♣♣♣♣..≈ ♣♣.."≈≈≈..≈≈
♣♣♣♣.≈≈..≈≈≈≈≈.


You could see 3 spriggan riders, a spriggan berserker and 2 spriggan druids.

Vanquished Creatures
  Kirke (D:14)
  Maud (D:14)
  Louise (Swamp:2)
  A very ugly thing (Lair:3)
  5 dire elephants (Lair:8)
  An ettin (D:15)
  Josephine (D:9)
  Harold (D:12)
  13 hydras
  A ghost crab (Swamp:2)
  6 centaur warriors
  3 catoblepae
  An anaconda (Lair:8)
  7 alligators
  A deep troll earth mage (D:11)
  A queen ant (Lair:8)
  4 ogre magi (Orc:2)
  4 death yaks (Lair:8)
  Urug (D:15)
  3 tengu warriors (D:15)
  5 skeletal warriors (D:15)
  Sonja (D:12)
  2 spriggan druids (Swamp:2)
  A shambling mangrove (Lair:3)
  2 unseen horrors
  3 swamp dragons
  2 deep elf archers (D:15)
  2 wolf spider zombies (D:15)
  3 orc knights
  5 hill giants
  An orc sorcerer (D:15)
  3 griffons
  5 cyclopes
  9 ugly things
  2 salamanders (shapeshifter)
  14 elephants
  2 manticores
  Psyche (D:11)
  A molten gargoyle (Lair:7)
  9 black mambas
  4 gargoyles
  2 kobold demonologists (D:11)
  18 spiny frogs
  12 komodo dragons
  2 tengu conjurers (D:15)
  7 trolls
  15 two-headed ogres
  4 giant leeches (Lair:3)
  3 bog bodies
  A snapping turtle (shapeshifter) (D:13)
  A harpy skeleton (D:15)
  4 blink frogs (Lair:5)
  7 slime creatures
  A shadow (D:15)
  3 spriggans
  5 wraiths
  3 fire elementals (D:13)
  2 vampires
  2 basilisks
  2 wyverns
  45 yaks
  3 steam dragons
  6 hippogriffs
  7 hogs
  3 hungry ghosts
  8 vampire mosquitoes
  15 swamp worms
  Menkaure (D:6)
  A mottled dragon (D:11)
  4 wargs
  A soldier ant (shapeshifter) (D:13)
  2 hell hounds
  20 soldier ants (Lair:8)
  17 water moccasins
  10 porcupines
  24 orc warriors
  A phantom (D:10)
  An eye of draining (shapeshifter) (D:15)
  The ghost of Murtagy the Bolt Thrower, an amateur TrHu (D:3)
  3 black bears
  4 ice beasts
  8 wasps
  A swamp drake (Swamp:1)
  5 sky beasts
  An eye of draining (D:15)
  33 ogres
  A black bear (shapeshifter) (D:13)
  4 necrophages
  A wolf (Lair:1)
  27 crocodiles
  9 centaurs
  6 big kobolds
  6 elf zombies (Ossuary)
  29 giant frogs
  A wyvern zombie (D:13)
  2 wyvern skeletons
  5 scorpions
  14 killer bees
  The ghost of M4edhros the Chopper, a weakling MiBe of Trog (D:4)
  13 wights
  3 electric eels (D:14)
  A giant frog zombie (D:8)
  11 howler monkeys
  12 crimson imps
  5 hounds
  8 centaur zombies
  2 quasits
  3 human zombies (Ossuary)
  30 orc wizards
  3 centaur skeletons
  13 orc priests
  11 jellies
  A giant frog skeleton (D:11)
  13 iguanas
  31 worker ants
  15 sheep
  A hound zombie (D:5)
  A hound skeleton (D:9)
  3 mummies (Ossuary)
  A howler monkey zombie (D:6)
  11 gnolls
  A howler monkey skeleton (D:5)
  92 river rats
  14 adders
  4 shadow imps
  16 oozes (Lair:3)
  An adder zombie (D:5)
  5 worms
  An adder skeleton (D:5)
  2 dart slugs
  8 giant geckos
  80 orcs
  9 bats
  4 giant cockroaches
  33 goblins
  23 hobgoblins
  A hobgoblin (shapeshifter) (D:15)
  7 jackals
  4 quokkas
  3 ball pythons
  A giant gecko skeleton (D:4)
  15 giant newts
  3 goblin skeletons (D:7)
  2 goblin zombies (D:7)
  11 kobolds
  2 kobold zombies (D:7)
  2 orc skeletons (D:7)
  2 quokka skeletons
  10 rats
  A butterfly (Lair:5)
  2 fungi
  4 plants (Lair:8)
1114 creatures vanquished.

Vanquished Creatures (others)
  An orc (Orc:1)
  A quokka (D:11)
  44 fungi
  8 plants
54 creatures vanquished.

Grand Total: 1168 creatures vanquished

Notes
Turn   | Place    | Note
--------------------------------------------------------------
     0 | D:1      | mopl the Demonspawn Air Elementalist began the quest for the Orb.
     0 | D:1      | Reached XP level 1. HP: 13/13 MP: 3/3
   261 | D:1      | Reached skill level 3 in Air Magic
   278 | D:1      | Gained mutation: You are partially covered in large bone plates (AC +2, SH +2). [demonic ancestry]
   278 | D:1      | Reached XP level 2. HP: 14/19 MP: 1/5
   325 | D:1      | Learned a level 2 spell: Repel Missiles
  1056 | D:2      | Reached XP level 3. HP: 24/24 MP: 0/6
  1061 | D:2      | Learned a level 3 spell: Static Discharge
  1153 | D:2      | Found an ancient bone altar of Kikubaaqudgha.
  1516 | D:2      | Reached skill level 2 in Conjurations
  1571 | D:2      | Found a stormy altar of Qazlal.
  1805 | D:3      | Noticed a hungry ghost
  1933 | D:3      | Reached XP level 4. HP: 6/30 MP: 0/8
  2274 | D:3      | Reached skill level 3 in Spellcasting
  2286 | D:3      | Found an oddly glowing altar of Pakellas.
  2460 | D:3      | Found a snail-covered altar of Cheibriados.
  2475 | D:3      | Noticed Murtagy's ghost (amateur TrHu)
  2567 | D:3      | Reached skill level 4 in Air Magic
  2614 | D:4      | Reached XP level 5. HP: 35/35 MP: 9/9
  2643 | D:4      | Found a shimmering altar of Xom.
  2660 | D:4      | Found Neemm's Antique Weapon Emporium.
  2660 | D:4      | Noticed M4edhros's ghost (weakling MiBe)
  2835 | D:4      | Killed M4edhros's ghost
  2914 | D:4      | Reached skill level 3 in Conjurations
  2914 | D:4      | Reached XP level 6. HP: 41/41 MP: 3/11
  3175 | D:4      | Reached skill level 5 in Air Magic
  3385 | D:4      | Gained mutation: You are immune to rotting. [demonic ancestry]
  3385 | D:4      | Reached XP level 7. HP: 33/46 MP: 7/12
  3659 | D:4      | Bought a runed lajatang for 225 gold pieces
  3841 | D:4      | Reached skill level 4 in Spellcasting
  3862 | D:4      | Learned a level 2 spell: Swiftness
  3925 | D:5      | Entered Level 5 of the Dungeon
  4062 | D:5      | Reached skill level 4 in Conjurations
  4062 | D:5      | Reached skill level 6 in Air Magic
  4072 | D:5      | Reached skill level 1 in Staves
  4152 | D:5      | Found Ogheyw's Food Boutique.
  4260 | D:5      | You fall through a shaft!
  4508 | D:6      | Gained mutation: You may emit foul miasma when damaged in melee. [demonic ancestry]
  4508 | D:6      | Reached XP level 8. HP: 42/52 MP: 14/14
  4530 | D:6      | Noticed Menkaure
  4579 | D:5      | Reached skill level 2 in Staves
  4658 | D:6      | Killed Menkaure
  4722 | D:6      | Reached skill level 7 in Air Magic
  4911 | D:6      | Found a staircase to the Ecumenical Temple.
  4916 | Temple   | Entered the Ecumenical Temple
  5007 | D:6      | Found a sparkling altar of Nemelex Xobeh.
  5047 | D:6      | Reached skill level 5 in Conjurations
  5050 | D:6      | Reached skill level 3 in Staves
  5892 | D:3      | Killed Murtagy's ghost
  6242 | D:7      | Found Apnoumpix's Jewellery Boutique.
  6270 | D:7      | Reached skill level 8 in Air Magic
  6679 | D:7      | Found a flagged portal.
  6685 | D:7      | Gained mutation: You have sharp fingernails. [demonic ancestry]
  6685 | D:7      | Reached XP level 9. HP: 57/57 MP: 12/15
  6692 | Bailey   | Entered a bailey
  6894 | Bailey   | Reached skill level 4 in Staves
  7033 | Bailey   | Reached skill level 6 in Conjurations
  7413 | Bailey   | Noticed an orc warlord
  7413 | Bailey   | Noticed an orc knight
  7450 | Bailey   | HP: 2/57 [orc knight/war axe (31)]
  7602 | D:7      | Reached skill level 9 in Air Magic
  7659 | D:7      | Gained mutation: Your natural rate of healing is unusually fast. [potion of beneficial mutation]
  7810 | D:7      | Found a glowing golden altar of the Shining One.
  7880 | D:7      | Found Ferevvedgh's Food Emporium.
  7969 | D:7      | Found a sacrificial altar of Ru.
  8082 | D:8      | Found a sand-covered staircase.
  8087 | Ossuary  | Entered an ossuary
  8100 | Ossuary  | Reached skill level 5 in Staves
  8277 | Ossuary  | Reached skill level 7 in Conjurations
  8359 | D:8      | Reached XP level 10. HP: 63/63 MP: 16/16
  8507 | D:8      | Reached skill level 10 in Air Magic
  8937 | D:8      | Reached skill level 1 in Fighting
  8937 | D:8      | Reached skill level 2 in Dodging
  9172 | D:9      | Found a staircase to the Orcish Mines.
  9228 | D:9      | Reached skill level 2 in Fighting
  9268 | D:9      | Reached skill level 6 in Staves
  9323 | D:9      | Found a burning altar of Makhleb.
  9578 | D:9      | Found a shadowy altar of Dithmenos.
  9695 | D:9      | Found a basalt altar of Yredelemnul.
  9704 | D:9      | Reached skill level 3 in Fighting
  9704 | D:9      | Reached skill level 8 in Conjurations
  9723 | D:9      | Found an opulent altar of Gozag.
  9789 | D:9      | Found an iron altar of Okawaru.
  9972 | D:9      | Became a worshipper of Warmaster Okawaru
  9995 | D:10     | Entered Level 10 of the Dungeon
 10010 | D:10     | Reached skill level 3 in Dodging
 10068 | D:10     | Learned a level 5 spell: Lightning Bolt
 10220 | D:10     | Found a staircase to the Lair.
 10281 | D:10     | Found Avealol's Assorted Antiques.
 10327 | D:10     | Bought a pearl ring for 165 gold pieces
 10350 | D:10     | Reached * piety under Okawaru
 10447 | D:10     | Reached skill level 4 in Fighting
 10513 | D:10     | Gained mutation: You frequently emit foul miasma when damaged in melee. [demonic ancestry]
 10513 | D:10     | Reached XP level 11. HP: 68/77 MP: 9/17
 10819 | D:10     | Got a fine quarterstaff
 10828 | D:10     | Identified the +8 quarterstaff of Dete {holy, rN+} (You found it on level 10 of the Dungeon)
 10973 | Lair:1   | Entered Level 1 of the Lair of Beasts
 11001 | Lair:1   | Learned a level 4 spell: Iskenderun's Mystic Blast
 11021 | Lair:1   | Got a brightly glowing robe
 11032 | Lair:1   | Identified the cursed +1 robe of Negligence {rC- Str+8 Dex+3} (You found it on level 1 of the Lair of Beasts)
 11276 | Lair:1   | Reached ** piety under Okawaru
 11282 | Lair:1   | Reached skill level 4 in Dodging
 11339 | D:10     | Reached skill level 7 in Staves
 11362 | Lair:1   | Reached skill level 5 in Fighting
 11539 | Lair:1   | Reached *** piety under Okawaru
 11925 | Lair:1   | Noticed a six-headed hydra
 11932 | Lair:1   | Killed a six-headed hydra
 11932 | Lair:1   | Reached skill level 9 in Conjurations
 12202 | Lair:2   | Reached skill level 11 in Air Magic
 12231 | Lair:2   | Noticed a griffon
 12245 | Lair:2   | Killed a griffon
 12245 | Lair:2   | Reached **** piety under Okawaru
 12323 | Lair:2   | Reached skill level 5 in Dodging
 12344 | Lair:2   | Reached skill level 6 in Fighting
 12828 | Lair:2   | Reached XP level 12. HP: 53/88 MP: 5/18
 12836 | Lair:2   | Reached ***** piety under Okawaru
 13334 | Lair:3   | Learned a level 2 spell: Blink
 13491 | Lair:3   | Reached skill level 8 in Staves
 13672 | Lair:3   | Found a staircase to the Swamp.
 13949 | Lair:3   | Reached skill level 7 in Fighting
 14005 | Lair:3   | Reached skill level 6 in Dodging
 14417 | Lair:1   | Reached skill level 10 in Staves
 14417 | Lair:1   | Reached XP level 13. HP: 96/96 MP: 19/19
 14422 | Lair:1   | Learned a level 1 spell: Apportation
 15274 | Lair:4   | Got a transparent dagger
 15275 | Lair:4   | Identified the +3 dagger "Voiw Ita" {pierce, +Rage} (You found it on level 4 of the Lair of Beasts)
 15554 | Lair:4   | Reached skill level 10 in Conjurations
 16121 | Lair:4   | Reached skill level 11 in Staves
 16121 | Lair:4   | Reached skill level 1 in Invocations
 16287 | Lair:5   | Received a gift from Okawaru
 16363 | Lair:5   | Reached ****** piety under Okawaru
 16363 | Lair:5   | Reached skill level 2 in Invocations
 16622 | Lair:5   | Reached skill level 8 in Fighting
 16762 | Lair:5   | Found a hole to the Spider Nest.
 17030 | Lair:1   | Identified a scroll of acquirement
 17041 | Lair:1   | Got a steaming hat
 17052 | Lair:1   | Identified the +0 hat "Nalehune" {rC+ Regen+ MP-9} (You acquired it on level 1 of the Lair of Beasts)
 17153 | Lair:6   | Reached skill level 5 in Spellcasting
 17153 | Lair:6   | Reached skill level 3 in Invocations
 17275 | Lair:6   | Reached skill level 7 in Dodging
 17366 | Lair:6   | Reached skill level 12 in Air Magic
 17435 | Lair:6   | Gained mutation: You are slightly more attuned to the shadows. [demonic ancestry]
 17435 | Lair:6   | Reached XP level 14. HP: 85/105 MP: 21/21
 18072 | Lair:7   | Reached skill level 4 in Invocations
 18274 | Lair:7   | Received a gift from Okawaru
 19009 | Lair:8   | Entered Level 8 of the Lair of Beasts
 19014 | Lair:8   | Reached skill level 5 in Invocations
 19049 | Lair:8   | Found a staircase to the Slime Pits.
 19321 | Lair:8   | Reached skill level 6 in Spellcasting
 19518 | Lair:8   | Reached skill level 8 in Dodging
 19602 | Lair:8   | Reached skill level 9 in Fighting
 19602 | Lair:8   | Reached skill level 6 in Invocations
 19694 | Lair:8   | Received a gift from Okawaru
 19756 | Lair:8   | Identified the Tome of Curses and Transmigration
 19763 | Lair:8   | Got an encrusted scimitar {god gift}
 19764 | Lair:8   | Identified the +1 scimitar "Guahi" {speed, MR+} (Okawaru gifted it to you on level 8 of the Lair of Beasts)
 20634 | Lair:8   | Reached skill level 7 in Invocations
 20777 | Lair:8   | Received a gift from Okawaru
 20869 | Lair:8   | Got a shimmering tin ring
 20876 | Lair:8   | Got a bloodstained triple crossbow
 20877 | Lair:8   | Identified the +9 triple crossbow of Qilluhaq {velocity, +Inv Str+4 Dex-3} (You found it on level 8 of the Lair of Beasts)
 20880 | Lair:8   | Identified the ring of Compulsion {rPois Int+7} (You found it on level 8 of the Lair of Beasts)
 21252 | Lair:8   | Gained mutation: You are significantly more attuned to the shadows. [demonic ancestry]
 21252 | Lair:8   | Reached XP level 15. HP: 115/115 MP: 25/25
 21533 | D:11     | Reached skill level 12 in Staves
 21822 | D:11     | Reached skill level 7 in Spellcasting
 22088 | D:11     | Found a runed door.
 22152 | D:11     | Noticed Psyche
 22168 | D:11     | Killed Psyche
 22651 | D:11     | Received a gift from Okawaru
 23105 | D:12     | Noticed Harold
 23114 | D:12     | Killed Harold
 23192 | D:12     | Noticed Sonja
 23200 | D:12     | Killed Sonja
 23342 | D:12     | Reached skill level 9 in Dodging
 23370 | D:12     | Reached skill level 13 in Air Magic
 23821 | D:13     | Reached skill level 10 in Fighting
 23868 | D:13     | Reached skill level 8 in Invocations
 24147 | D:13     | Found a shimmering altar of Xom.
 24356 | D:13     | Found a gate to the Vaults.
 24678 | Orc:1    | Entered Level 1 of the Orcish Mines
 24678 | Orc:1    | Noticed Josephine
 24706 | D:9      | Killed Josephine
 25014 | Orc:1    | Got a warped lead amulet
 25015 | Orc:1    | Identified the amulet "Liocibuo" {Inacc rC+ Int+2 SInv} (You found it on level 1 of the Orcish Mines)
 25148 | Orc:2    | Entered Level 2 of the Orcish Mines
 25699 | Orc:2    | Found a staircase to the Elven Halls.
 25733 | Orc:2    | Found Mitwao's Magic Scroll Shoppe.
 25733 | Orc:2    | Found Musuc's Jewellery Shop.
 26040 | Orc:2    | Received a gift from Okawaru
 26179 | Orc:2    | Reached skill level 8 in Spellcasting
 26505 | Orc:2    | Found Astreuraq's Book Boutique.
 26505 | Orc:2    | Found Siak's Gadget Shoppe.
 26527 | Orc:2    | Bought a scroll of fog for 24 gold pieces
 26527 | Orc:2    | Bought a scroll of fog for 24 gold pieces
 26527 | Orc:2    | Bought 3 scrolls of teleportation for 108 gold pieces
 26527 | Orc:2    | Bought a scroll of identify for 24 gold pieces
 26527 | Orc:2    | Bought a scroll of identify for 24 gold pieces
 26527 | Orc:2    | Bought a scroll of identify for 24 gold pieces
 26934 | D:14     | Noticed Maud
 26940 | D:14     | Killed Maud
 27319 | D:14     | Gained mutation: You are mostly covered in large bone plates (AC +3, SH +3). [demonic ancestry]
 27319 | D:14     | Reached XP level 16. HP: 124/124 MP: 14/28
 27344 | D:14     | Noticed Kirke
 27569 | D:14     | Reached skill level 13 in Staves
 27610 | D:14     | Noticed a sphinx
 28113 | D:14     | Killed Kirke
 28143 | D:15     | Entered Level 15 of the Dungeon
 28311 | D:15     | Reached skill level 10 in Dodging
 28533 | D:15     | Found a staircase to the Depths.
 28539 | D:15     | Reached skill level 11 in Fighting
 28568 | D:15     | Received a gift from Okawaru
 28942 | D:15     | Noticed Urug
 28953 | D:15     | Killed Urug
 28963 | D:15     | Found Tizuitu Nuth's Antique Weapon Shop.
 28999 | D:15     | Found a portal to a secret trove of treasure.
 29800 | Swamp:1  | Entered Level 1 of the Swamp
 30005 | Lair:3   | Reached skill level 14 in Air Magic
 30982 | Swamp:2  | Reached skill level 14 in Staves
 31336 | Swamp:2  | Reached skill level 1 in Charms
 31336 | Swamp:2  | Reached skill level 1 in Translocations
 31337 | Swamp:2  | Noticed Louise
 31354 | Swamp:2  | Killed Louise
 31717 | Swamp:2  | Received a gift from Okawaru
 31978 | Swamp:2  | HP: 5/127 [spriggan druid/quarterstaff (3)]
 31978 | Swamp:2  | Slain by a spriggan rider

Skill      XL: |  1  2  3  4  5  6  7  8  9 10 11 12 13 14 15 16 |
---------------+-------------------------------------------------+-----
Air Magic      | 3 4 5 6 8 9 10 11 12 13 14 | 14.2
Conjurations   | 2 3 4 5 7 8 9 10 | 10.0
Spellcasting   | 3 4 5 6 8 |  8.0
Staves         | 1 3 5 6 7 10 11 12 14 | 14.0
Fighting       | 4 6 7 8 9 10 11 | 11.7
Dodging        | 3 5 6 7 8 9 10 | 10.8
Invocations    | 3 7 8 |  8.0
Charms         | 1 |  1.7
Translocations | 1 |  1.5
Stealth        | |  1.7

Action                   |  1- 3 |  4- 6 |  7- 9 | 10-12 | 13-15 | 16-18 || total
-------------------------+-------+-------+-------+-------+-------+-------++-------
Melee: Unarmed           |   182 |    12 |       |       |       |       ||   194
       Dagger            |       |   180 |    23 |       |       |       ||   203
       Lajatang          |       |       |   596 |   844 |  1400 |   429 ||  3269
       Staff             |       |       |       |       |    38 |    76 ||   114
Throw: Tomahawk          |       |       |       |       |       |     3 ||     3
 Cast: Shock             |    79 |    14 |    15 |     8 |     7 |       ||   123
       Static Discharge  |     9 |    25 |    53 |    44 |    76 |    32 ||   239
       Repel Missiles    |       |       |     3 |     1 |     1 |     1 ||     6
       Lightning Bolt    |       |       |       |    11 |   134 |    52 ||   197
       Blink             |       |       |       |     1 |       |       ||     1
       Iskenderun's Myst |       |       |       |       |     5 |     1 ||     6
Invok: Heroism           |       |       |       |     1 |     1 |       ||     2
Evoke: Wand              |       |       |     7 |       |     6 |     2 ||    15
  Use: Scroll            |       |     1 |    22 |     7 |    22 |     4 ||    56
       Potion            |       |       |     5 |     2 |       |       ||     7
 Stab: Sleeping          |     2 |     1 |     4 |     7 |    16 |     6 ||    36
       Distracted        |       |       |     1 |       |     4 |     3 ||     8
       Invisible         |       |       |     1 |       |       |       ||     1
       Petrifying        |       |       |       |       |     2 |       ||     2
       Paralysed         |       |       |       |       |     2 |       ||     2
  Eat: Chunk             |     5 |     3 |    20 |    29 |    67 |    19 ||   143
       Bread ration      |       |     1 |       |       |       |       ||     1
       Beef jerky        |       |       |     1 |       |     2 |     2 ||     5
Armor: Robe              |    51 |    38 |    95 |       |    39 |    98 ||   321
       Leather armour    |       |       |    70 |   269 |   269 |       ||   608
       Ring mail         |       |       |    35 |       |       |       ||    35
Dodge: Dodged            |   118 |   119 |   257 |   425 |   707 |   242 ||  1868
       Deflected         |       |       |     5 |     5 |    11 |     4 ||    25
Block: Other             |     7 |     9 |    32 |    37 |    55 |    40 ||   180
